AoeStats
← Zigoto85

Black Forest

510744392Analyzed
4v4 RM · 10h ago on Oct 2, 2026· 22m 12s· 8 players
Game mode
Random Map
Map size
Large (8 player)
Population
200
Speed
Normal
Resources
Standard
Victory
Conquest
Starting age
Dark Age
Ending age
Imperial Age
RankedLock teamsTeams togetherTeam positionsShared explorationLock speedFull tech treeHidden civsTurbo modeCheats
Victory
Defeat
🇨🇳 Slavs · China
1434
+12
🇨🇳 Britons · China
1429
+12
🇹🇼 Danes · Taiwan
1383
+14
🇹🇼 Portuguese · Taiwan
1377
+14
🇹🇷 Malay · Türkiye
1382
-14
🇵🇱 Portuguese · Poland
1357
-14
🇫🇷 Britons · France
1319
-12
🇸🇪 Celts · Sweden
1313
-12
SabahIctimasi
11:40 Feudal Age
11:37 Horse Collar
12:22 Double-Bit Axe
16:41 Castle Age
17:08 Bow Saw
17:00 Heavy Plow
18:30 Wheelbarrow
19:21 Wheelbarrow
20:48 Loom
Zigoto85
1:02 Loom
15:08 Feudal Age
15:48 Double-Bit Axe
17:12 Horse Collar
20:49 Castle Age
The Outpost Man
8:02 Loom
13:30 Feudal Age
14:02 Double-Bit Axe
13:39 Man-at-Arms
13:57 Man-at-Arms
19:41 Castle Age
22:49 Wheelbarrow
22:28 Bow Saw
antikiller247
1:39 Loom
10:32 Feudal Age
15:57 Double-Bit Axe
15:53 Horse Collar
18:57 Fletching
alex1993327
0:28 Loom
14:12 Feudal Age
21:05 Castle Age
20:39 Horse Collar
22:19 Heavy Plow
cgan13289
3:41 Loom
11:27 Feudal Age
15:03 Castle Age
13:12 Double-Bit Axe
14:01 Gold Mining
16:06 Bow Saw
20:11 Wheelbarrow
951341856
9:27 Feudal Age
9:44 Man-at-Arms
12:45 Double-Bit Axe
13:16 Horse Collar
20:15 Castle Age
18:42 Gold Mining
18:58 Fletching
21:24 Bow Saw
21:15 Heavy Plow
局局卡子
4:32 Loom
10:30 Feudal Age
14:35 Castle Age
12:43 Horse Collar
13:41 Double-Bit Axe
20:23 Sanctity
Connection lost

Rejoining the realm…

Still unreachable

The connection could not be restored.

Session expired

The server has moved on; the page needs a fresh start.